 Dungeon Crawl Stone Soup version 0.28-a0-1594-ga885d4b3d6 (webtiles) character file.

Game seed: 2588628628663535662

52 lonewolfV2 the Caller (level 3, -1/20 HPs)
             Began as a Tengu Summoner on Jan 20, 2022.
             Slain by a hobgoblin (4 damage)
             ... led by Robin
             ... on level 2 of the Dungeon.
             The game lasted 00:04:32 (2657 turns).

lonewolfV2 the Caller (Tengu Summoner)              Turns: 2657, Time: 00:04:34

Health: -1/20      AC:  2    Str:  8    XL:     3   Next: 85%
Magic:  0/8        EV: 12    Int: 17    God:
Gold:   73         SH:  0    Dex: 14    Spells: 1/7 levels left

rFire   . . .      SeeInvis .   (no weapon)
rCold   . . .      Faith    .   (no shield)
rNeg    . . .      Spirit   .   a - +0 robe
rPois   .          Reflect  .   (helmet restricted)
rElec   .          Harm     .   (no cloak)
rCorr   .          Rampage  .   (no gloves)
Will    .....                   (boots unavailable)
Stlth   ++........              (no amulet)
HPRegen 0.06/turn               (no ring)
MPRegen 0.11/turn               (no ring)

@: no status effects
A: beak, talons 3
a: no special abilities


You were on level 2 of the Dungeon.
You visited 1 branch of the dungeon, and saw 2 of its levels.

You collected 73 gold pieces.

Inventory:

Armour
 a - a +0 robe (worn)
Jewellery
 g - a ring of magical power
Wands
 b - a wand of mindburst (18)
Potions
 d - a potion of flight


   Skills:
 + Level 0.4 Fighting
 + Level 2.4 Dodging
 + Level 2.2 Stealth
 + Level 2.7 Spellcasting
 + Level 5.6 Summonings


You had one spell level left.
You knew the following spells:

 Your Spells              Type           Power      Damage    Failure   Level
a - Summon Small Mammal   Summ           84%        N/A       1%          1
b - Call Imp              Summ           21%        N/A       2%          2
c - Call Canine Familiar  Summ           21%        N/A       5%          3

Your spell library contained the following spells:

 Spells                   Type           Power      Damage    Failure   Level
 Summon Guardian Golem    Hex/Summ       11%        N/A       17%         3
 Summon Lightning Spire   Summ/Air       11%        N/A       50%         4


Dungeon Overview and Level Annotations

Branches:
Dungeon (2/15)

Altars:

Annotations:
D:2 Robin


Innate Abilities, Weirdness & Mutations

You have a beak for a mouth.
You have claws for feet.


Message History

You don't have enough magic to cast this spell.
Your bat hits Robin. Your bat hits Robin but does no damage.
Casting: Summon Small Mammal (safe; 1% risk of failure)
Confirm with . or Enter, or press ? or * to list all spells.
Your bat disappears in a puff of smoke!
Your bat hits Robin. The hobgoblin hits you!
Robin drinks a potion.
Robin is healed!
Your quokka bites Robin.
You swap places.
Your bat hits the hobgoblin but does no damage.
The hobgoblin closely misses your quokka.
The hobgoblin hits your quokka.
Your quokka bites Robin.
Robin hits your quokka with a +0 mace.
Your quokka dies!
Your quokka's corpse disappears in a puff of smoke!
Robin shouts!
You feel better.
The hobgoblin no longer looks unusually strong.
Your bat hits the hobgoblin but does no damage.
Your bat barely misses the hobgoblin.
Robin roars a battlecry!
The hobgoblin goes into a battle-frenzy!
The hobgoblin closely misses you. The hobgoblin barely misses your bat.
Your bat closely misses Robin.
Robin hits you with a +0 mace.
Your bat misses Robin. Robin hits you with a +0 mace!
Casting: Summon Small Mammal (safe; 1% risk of failure)
Confirm with . or Enter, or press ? or * to list all spells.
You don't have enough magic to cast this spell.
Casting: Summon Small Mammal (safe; 1% risk of failure)
Confirm with . or Enter, or press ? or * to list all spells.
You don't have enough magic to cast this spell.
Casting: Summon Small Mammal (safe; 1% risk of failure)
Confirm with . or Enter, or press ? or * to list all spells.
A beastly little devil appears in a puff of flame.
Your bat hits the hobgoblin but does no damage.
Robin hits you with a +0 mace!
* * * LOW HITPOINT WARNING * * *
The hobgoblin hits you.
You die...

########
#.5@g..#
#..gg..#
#......#
#.<..#
#..))..#
..#....
#..)b†.#
..#....#
#.)..).#
.......#
#).....#
##.#..#
#...)..#
##.#..#####
#####)##


You could see Robin (ally target), 2 hobgoblins, a friendly crimson imp
(summoned) and a friendly bat (summoned).

Vanquished Creatures
  3 giant cockroaches
  A goblin (D:2)
  A kobold (D:1)
  A quokka (D:1)
  A bat (D:1)
  A frilled lizard (D:1)
  2 rats (D:1)
10 creatures vanquished.

Vanquished Creatures (collateral kills)
  2 dart slugs
  3 endoplasms (D:1)
  A giant cockroach (D:1)
  7 goblins
  8 hobgoblins
  2 quokkas (D:1)
  3 ball pythons
  A bat (D:1)
  2 kobolds (D:2)
  2 rats
31 creatures vanquished.

Grand Total: 41 creatures vanquished

Notes
Turn   | Place    | Note
-------+----------+-------------------------------------------
     0 | D:1      | lonewolfV2 the Tengu Summoner began the quest for the Orb.
     0 | D:1      | Reached XP level 1. HP: 10/10 MP: 4/4
   155 | D:1      | Reached skill level 5 in Summonings
   616 | D:1      | Reached XP level 2. HP: 8/15 MP: 0/6
   855 | D:1      | Learned a level 2 spell: Call Imp
  1709 | D:1      | Reached XP level 3. HP: 17/20 MP: 7/7
  1713 | D:1      | Learned a level 3 spell: Call Canine Familiar
  2620 | D:2      | Noticed Robin
  2657 | D:2      | Slain by a hobgoblin

Illustrated notes

Levels and vault maps discovered:
D:1:      mrwooster_arrival_statue_3, layout_basic
D:2:      layout_rooms, ebering_ecumenical_altar_webs, serial_shops, shop,
          uniq_robin

Skill      XL: |  1 |
---------------+----+-----
Summonings     | 5 |  5.6
Fighting       | |  0.4
Dodging        | |  2.4
Stealth        | |  2.2
Spellcasting   | |  2.7

Action                   || total
-------------------------++-------
Melee: Unarmed           ||    39
       Kick              ||    13
       Peck              ||     3
       Punch             ||     1
 Cast: Summon Small Mamm ||    29
       Call Imp          ||    13
       Call Canine Famil ||    11
  Use: Scroll            ||     5
       Potion            ||     1
 Stab: Sleeping          ||     3
       Distracted        ||     1
Armor: Robe              ||    19
Dodge: Dodged            ||    63

Table legend: (Time is in decaauts)
 A = Elapsed time spent in this place.
 B = Non-inter-level travel time spent in this place.
 C = Inter-level travel time spent in this place.
 D = Time resting spent in this place.
 E = Time spent auto-exploring this place.
 F = Levels seen in this place.
 G = Mean time per level.
                   A        B        C        D        E       F      G
               +--------+--------+--------+--------+--------+-----+--------+
         Total |   2656 |   2560 |     96 |   1035 |   1044 |   2 | 1328.0 |
       Dungeon |   2656 |   2560 |     96 |   1035 |   1044 |   2 | 1328.0 |
               +--------+--------+--------+--------+--------+-----+--------+

Top non-repeatable levels by time:
     D:1: 2458 daAuts
     D:2: 198 daAuts
